 Dungeon Crawl Stone Soup version 0.22-a0-587-g7d32d7c (webtiles) character file.

1746 yoda5477 the Frost Mage (level 8, 0/60 HPs)
             Began as a White Draconian Ice Elementalist on July 1, 2018.
             Was a Believer of Sif Muna.
             Slain by a wraith (9 damage)
             ... on level 11 of the Dungeon on July 4, 2018.
             The game lasted 01:03:09 (8892 turns).

yoda5477 the Frost Mage (DrIE)                      Turns: 8892, Time: 01:03:12

Health: 0/60       AC: 15    Str: 15    XL:     8   Next: 77%
Magic:  10/17      EV: 12    Int: 17    God:    Sif Muna [**....]
Gold:   298        SH:  0    Dex: 13    Spells: 8/19 levels left

rFire    + . .     SeeInvis .   d - +2 short sword (protect)
rCold    . . .     Gourm    .   (no shield)
rNeg     . . .     Faith    .   (armour unavailable)
rPois    .         Spirit   .   (helmet restricted)
rElec    .         Reflect  .   (no cloak)
rCorr    .         Harm     .   (no gloves)
MR       .....                  x - +1 pair of boots
Stlth    ++........             (no amulet)
HPRegen  0.20/turn              H - +5 ring of strength
MPRegen  0.15/turn              y - ring of fire

@: protection aura, very slightly contaminated
A: breathe frost, unfitting armour, cold resistance 1, cold-blooded, AC +6
a: Breathe Frost, Divine Energy, Renounce Religion


You were on level 11 of the Dungeon.
You worshipped Sif Muna.
Sif Muna was pleased with you.
You were not hungry.

You visited 2 branches of the dungeon, and saw 10 of its levels.

You collected 298 gold pieces.

Inventory:

Hand Weapons
 a - a +0 dagger
 d - a +2 short sword of protection (weapon)
 q - a +0 whip of electrocution
 r - a +0 long sword
 B - a cursed +0 hand crossbow
Missiles
 f - 144 stones
 h - 5 tomahawks (quivered)
 k - 5 javelins
 l - 5 curare-tipped needles
Armour
 x - a +1 pair of boots (worn)
Jewellery
 y - a ring of fire (right hand)
 H - a +5 ring of strength (left hand)
Wands
 e - a wand of digging (14)
 i - a wand of enslavement (10)
 s - a wand of flame (52)
 u - a wand of scattershot (4)
 C - a wand of paralysis (8)
 E - a wand of polymorph (11)
Scrolls
 c - a scroll of fog
 n - a scroll of enchant weapon
 p - a scroll of blinking
 D - a scroll of remove curse
 F - a scroll of fear
 I - a scroll of identify
Potions
 g - 6 potions of curing {unknown}
 j - 6 potions of degeneration {unknown}
 m - a potion of lignification {unknown}
 o - 2 potions of brilliance {unknown}
 v - a potion of might {unknown}
 z - a potion of cancellation {unknown}
 A - a potion of invisibility {unknown}
 G - a potion of heal wounds {unknown}
Comestibles
 b - 6 rations
 w - 4 chunks of flesh


   Skills:
 + Level 1.7 Fighting
 + Level 2.8 Short Blades
 - Level 1.7 Dodging
 - Level 1.7 Stealth
 - Level 6.0 Spellcasting
 * Level 4.8 Conjurations
 + Level 0.3 Charms
 + Level 9.1 Ice Magic
 + Level 0.6 Poison Magic
 - Level 0.1 Evocations


You had 8 spell levels left.
You knew the following spells:

 Your Spells              Type           Power        Failure   Level  Hunger
a - Freeze                Ice            ####         1%          1    None
b - Throw Frost           Conj/Ice       ####..       1%          2    None
c - Summon Ice Beast      Ice/Summ       ###.....     19%         4    ####...
d - Ozocubu's Armour      Chrm/Ice       ###.....     5%          3    ##.....
e - Sting                 Conj/Pois      ##..         4%          1    None

Your spell library contained the following spells:

 Spells                   Type           Power        Failure   Level  Hunger
 Mephitic Cloud           Conj/Pois/Air  ##......     19%         3    ##.....
 Venom Bolt               Conj/Pois      ##........   75%         5    #####..
 Olgreb's Toxic Radiance  Pois           #.......     69%         4    ####...
 Throw Icicle             Conj/Ice       ####....     7%          4    ####...
 Poisonous Vapours        Pois/Air       #.....       17%         2    None


Dungeon Overview and Level Annotations

Branches:
Dungeon (8/15)             Temple (1/1) D:4            Lair (0/6) D:8
    Orc (0/2) D:11

Altars:
Elyvilon
Fedhas
Makhleb
Nemelex Xobeh
Qazlal
Sif Muna
Trog
Uskayaw
Wu Jian

Shops:
D:8 :

Annotations:
D:6 Menkaure, Sigmund
D:8 1 transporter
D:11 Nergalle, Psyche


Innate Abilities, Weirdness & Mutations

You can breathe waves of freezing cold.
You can buffet flying creatures when you breathe cold.
Your icy white scales are hard. (AC +6)
You cannot fit into any form of body armour.
Your flesh is cold resistant. (rC+)
You are cold-blooded and may be slowed by cold attacks.


Message History

The orc wizard seems to speed up.
The orc warrior closely misses you.
Found a staircase to the Orcish Mines.
An orc warrior and an orc priest come into view.
The shadow slips into darkness.
The shadow flickers and vanishes!
Found a trident.
Psyche the Insane Magess comes into view.
She is wielding a dagger of chaos.
The orc priest shouts!
Psyche shouts!
You hear a bark!
You hear a shout!
The orc priest begins to cast a cantrip, but forgets the words!
The orc warrior hits you from afar with a halberd!
* * * LOW HITPOINT WARNING * * *
The orc wizard hits you but does no damage.
Nergalle shouts!
You hit the orc.
Your weapon exudes an aura of protection.
Your tail-slap misses the orc.
The orc is lightly wounded.
The orc wizard hits you but does no damage.
The orc warrior barely misses you. The wraith hits you!
You die...

.......
......)
......o
...@..o##
>...Z$.[#
.....o..#
....h..o# .
....h.o@#
.W.....ohW#
##
#.##.###H#
.> ... ##Y#
#. #
#.##..# #..
#.$..##
#..# ##W###
#..>### #.#
#.....# #.#


You could see Nergalle, a hippogriff, Psyche, a wraith, 2 wargs, 2 orc warriors,
an orc priest, an orc wizard, an orc, a centaur warrior zombie, a jackal and a
friendly ice beast.

Vanquished Creatures
  2 orc warriors
  2 ice beasts
  A centaur (D:8)
  A phantom (D:7)
  2 bullfrogs (D:6)
  2 scorpions
  2 howler monkeys
  6 crimson imps
  A centaur zombie (D:5)
  2 jellies
  2 orc priests
  2 hounds
  2 orc wizards
  2 bullfrog skeletons
  3 worker ants
  A killer bee zombie (D:7)
  2 worker ant zombies
  3 gnolls (D:8)
  8 adders
  A shadow imp (D:5)
  An ooze (D:2)
  An adder skeleton (D:5)
  3 worms
  3 dart slugs (D:1)
  6 leopard geckos
  20 orcs
  15 giant cockroaches
  8 goblins
  8 hobgoblins
  11 jackals
  4 quokkas
  6 bats
  2 frilled lizards
  5 kobolds
  A quokka zombie (D:6)
  A rat (D:1)
142 creatures vanquished.

Notes
Turn   | Place    | Note
-------+----------+-------------------------------------------
     0 | D:1      | yoda5477 the Draconian Ice Elementalist began the quest for the Orb.
     0 | D:1      | Reached XP level 1. HP: 14/14 MP: 3/3
   217 | D:1      | Reached XP level 2. HP: 20/20 MP: 0/5
   806 | D:2      | Reached XP level 3. HP: 22/26 MP: 1/6
  1152 | D:2      | Reached skill level 4 in Ice Magic
  1418 | D:2      | Reached XP level 4. HP: 33/33 MP: 4/8
  2095 | D:3      | Learned a level 2 spell: Throw Frost
  2337 | D:3      | Reached XP level 5. HP: 37/39 MP: 5/10
  2913 | D:4      | Found a staircase to the Ecumenical Temple.
  2922 | Temple   | Entered the Ecumenical Temple
  2938 | Temple   | Became a worshipper of Sif Muna the Loreminder
  3246 | D:4      | Learned a level 4 spell: Summon Ice Beast
  3980 | D:5      | Entered Level 5 of the Dungeon
  4028 | D:5      | Reached XP level 6. HP: 41/46 MP: 7/12
  4185 | D:5      | Noticed an ice beast
  4441 | D:5      | Reached skill level 5 in Ice Magic
  4586 | D:5      | Reached * piety under Sif Muna
  4586 | D:5      | Reached skill level 1 in Short Blades
  4681 | D:5      | Reached skill level 1 in Fighting
  4802 | D:5      | Your scales start taking on an icy white colour.
  4802 | D:5      | Reached skill level 6 in Ice Magic
  4802 | D:5      | Reached XP level 7. HP: 48/52 MP: 3/14
  4802 | D:5      | Gained mutation: Your flesh is cold resistant. (rC+) [White Draconian growth]
  5079 | D:5      | Reached skill level 5 in Spellcasting
  5263 | D:6      | Noticed Menkaure
  5453 | D:6      | Reached skill level 7 in Ice Magic
  5525 | D:6      | Learned a level 3 spell: Ozocubu's Armour
  6145 | D:6      | Reached XP level 8. HP: 4/59 MP: 16/16
  6567 | D:6      | Noticed Sigmund
  6683 | D:7      | Upgraded the game from 0.22-a0-571-g4a923d4 to 0.22-a0-580-gd5db89c
  6784 | D:7      | Reached ** piety under Sif Muna
  6944 | D:7      | Found an ornate altar of the Wu Jian Council.
  7316 | D:7      | Reached skill level 8 in Ice Magic
  7671 | D:7      | Learned a level 1 spell: Sting
  8592 | D:7      | Reached skill level 9 in Ice Magic
  8641 | D:7      | Upgraded the game from 0.22-a0-580-gd5db89c to 0.22-a0-587-g7d32d7c
  8715 | D:8      | Found a transporter.
  8722 | D:8      | Found a staircase to the Lair.
  8851 | D:8      | Found Humun's Book Shoppe.
  8864 | D:8      | You fall through a shaft for 3 floors!
  8869 | D:11     | Noticed a hippogriff
  8888 | D:11     | Noticed Nergalle
  8889 | D:11     | Found a staircase to the Orcish Mines.
  8891 | D:11     | Noticed Psyche
  8892 | D:11     | Slain by a wraith

Vault maps used:
D:1:      ncdulo_lavacross
D:2:      minmay_roachtagon, first_ration, minmay_strange_pillars
D:3:      serial_glass, glass_columns_a, glass_columns_b, glass_columns_a,
          glass_columns_b, glass_columns_b, glass_columns_b, glass_columns_b,
          glass_columns_b, glass_columns_a, glass_columns_a
D:4:      minmay_temple_entry_large_hall
D:6:      minmay_misc_feat_pillars, bloody_makhleb, uniq_sigmund, uniq_menkaure
D:7:      lemuel_round_altar
D:8:      gammafunk_beogh_shrine, lair_entry_dummy, serial_shops, shop
D:11:     minmay_tri_box, david_orc_3, grunt_ogre_cave, disabler_island,
          uniq_psyche, uniq_nergalle
Temple:   nicolae_temple_the_god_donut

Skill      XL: |  1  2  3  4  5  6  7  8 |
---------------+-------------------------+-----
Ice Magic      | 4 6 7 9 |  9.1
Spellcasting   | 3 4 5 6 |  6.0
Short Blades   | 1 2 |  2.8
Conjurations   | 2 3 4 |  4.8
Fighting       | 1 |  1.7
Dodging        | |  1.7
Stealth        | |  1.7
Charms         | |  0.3
Poison Magic   | |  0.6
Evocations     | |  0.1

Action                   |  1- 3 |  4- 6 |  7- 9 || total
-------------------------+-------+-------+-------++-------
Melee: Dagger            |    65 |     5 |       ||    70
       Tailslap          |     7 |     8 |    11 ||    26
       Short sword       |       |    61 |   120 ||   181
Throw: Tomahawk          |     1 |     2 |     5 ||     8
       Stone             |       |       |     9 ||     9
 Cast: Freeze            |    55 |    92 |    75 ||   222
       Throw Frost       |       |    14 |    44 ||    58
       Ozocubu's Armour  |       |       |     4 ||     4
       Sting             |       |       |    22 ||    22
       Summon Ice Beast  |       |       |     1 ||     1
 Abil: Breathe Frost     |       |       |     2 ||     2
Evoke: Wand              |       |       |     4 ||     4
  Use: Scroll            |       |    11 |     6 ||    17
 Stab: Sleeping          |     1 |     2 |     1 ||     4
       Distracted        |       |     1 |       ||     1
  Eat: Chunk             |     2 |     7 |     4 ||    13
       Ration            |       |     1 |     3 ||     4
Armor: Skin              |    32 |    56 |    84 ||   172
Dodge: Dodged            |    70 |    78 |    84 ||   232

Table legend:
 A = Spawn XP
 B = Non-spawn XP
 C = Spawn XP percentage of total XP
 D = Spawn monster count
 E = Non-spawn monster count
 F = Spawn count percentage of total count
 G = Total turns spent on level
                    A         B        C        D         E        F      G
               +---------+---------+-------+---------+---------+-------+---------
         Total |       0 |    2495 |   0.0 |       0 |     142 |   0.0 |  8892
               +---------+---------+-------+---------+---------+-------+---------
           D:1 |       0 |      32 |   0.0 |       0 |      14 |   0.0 |   716
           D:2 |       0 |      98 |   0.0 |       0 |      34 |   0.0 |  1223
           D:3 |       0 |      75 |   0.0 |       0 |      16 |   0.0 |   974
           D:4 |       0 |     126 |   0.0 |       0 |       8 |   0.0 |  1072
           D:5 |       0 |     587 |   0.0 |       0 |      23 |   0.0 |  1645
           D:6 |       0 |     761 |   0.0 |       0 |      16 |   0.0 |  1200
           D:7 |       0 |     403 |   0.0 |       0 |      11 |   0.0 |  1541
           D:8 |       0 |     413 |   0.0 |       0 |      20 |   0.0 |   463
               +---------+---------+-------+---------+---------+-------+---------
